 Dungeon Crawl Stone Soup version 0.23.2-40-g277498a001 (webtiles) character file.

Game seed: 4616343096119008509

53 Emblim88 the Vexing (level 3, -13/28 HPs)
             Began as a Gnoll Arcane Marksman on Sept 18, 2019.
             Killed by divine providence
             ... invoked by an orc priest
              (14 damage)
             ... on level 2 of the Dungeon.
             The game lasted 00:03:10 (1358 turns).

Emblim88 the Vexing (Gnoll Arcane Marksman)         Turns: 1358, Time: 00:03:11

Health: -13/28     AC:  2    Str: 12    XL:     3   Next: 87%
Magic:  16/16      EV: 15    Int: 15    God:
Gold:   108        SH:  0    Dex: 16    Spells: 6/7 levels left

rFire    + . .     SeeInvis .   a - +0 shortbow
rCold    + . .     Gourm    .   (shield currently unavailable)
rNeg     . . .     Faith    .   e - +0 robe
rPois    +         Spirit   .   (no helmet)
rElec    +         Reflect  .   (no cloak)
rCorr    +         Harm     .   (no gloves)
MR       .....                  (no boots)
Stlth    ++........             (no amulet)
HPRegen  0.09/turn              c - ring of resist corrosion
MPRegen  0.15/turn              i - ring of magical power

@: resistant, hasted, very quick
A: distributed training, fangs 1, strong nose
a: no special abilities


You were on level 2 of the Dungeon.
You were very hungry.

You visited 1 branch of the dungeon, and saw 2 of its levels.

You collected 108 gold pieces.

Inventory:

Hand Weapons
 a - a +0 shortbow (weapon)
 o - a +2 whip of venom
Missiles
 b - 24 bolts
 d - 23 arrows (quivered)
 l - 7 poisoned needles
 t - 20 stones
Armour
 e - a +0 robe (worn)
Jewellery
 c - a ring of resist corrosion (left hand)
 i - a ring of magical power (right hand)
Scrolls
 g - a scroll of amnesia {unknown}
 h - a scroll of noise {unknown}
 j - a scroll of immolation {unknown}
 m - a scroll of enchant armour {unknown}
 n - 3 scrolls of magic mapping {unknown}
 q - a scroll of random uselessness {unknown}
 r - a scroll of identify {unknown}
Comestibles
 f - 5 rations


   Skills:
 + Level 2.6 Fighting
 + Level 1.0 Short Blades
 + Level 1.0 Long Blades
 + Level 1.0 Axes
 + Level 1.0 Maces & Flails
 + Level 1.0 Polearms
 + Level 1.0 Staves
 + Level 1.0 Slings
 + Level 4.6 Bows
 + Level 1.0 Crossbows
 + Level 1.0 Throwing
 + Level 1.0 Armour
 + Level 4.6 Dodging
 + Level 1.0 Stealth
 + Level 1.0 Shields
 + Level 1.0 Unarmed Combat
 + Level 2.9 Spellcasting
 + Level 0.7 Conjurations
 + Level 5.4 Hexes
 + Level 0.7 Charms
 + Level 0.7 Summonings
 + Level 0.7 Necromancy
 + Level 0.7 Translocations
 + Level 0.7 Transmutations
 + Level 0.7 Fire Magic
 + Level 0.7 Ice Magic
 + Level 0.7 Air Magic
 + Level 0.7 Earth Magic
 + Level 0.7 Poison Magic
 + Level 1.0 Invocations
 + Level 1.0 Evocations


You had 6 spell levels left.
You knew the following spells:

 Your Spells              Type           Power        Failure   Level  Hunger
a - Corona                Hex            ###....      2%          1    #......

Your spell library contained the following spells:

 Spells                   Type           Power        Failure   Level  Hunger
 Slow                     Hex            ###.....     3%          2    ##.....
 Inner Flame              Hex/Fire       ##......     17%         3    ###....
 Portal Projectile        Hex/Tloc       ##....       17%         3    ###....
 Cause Fear               Hex            ###.......   22%         4    #####..
 Leda's Liquefaction      Hex/Erth       ##........   50%         4    #####..


Dungeon Overview and Level Annotations

Branches:
Dungeon (2/15)

Altars:
Ru
Sif Muna


Innate Abilities, Weirdness & Mutations

Your experience applies equally to all skills.
You have very sharp teeth.
Your uncanny sense of smell can sniff out nearby items.


Message History

Your Evocations skill increases to level 1!
An orc comes into view.
The orc priest calls down the wrath of Beogh upon you.
Beogh smites you!
* * * LOW HITPOINT WARNING * * *
It was a potion of resistance.
You feel protected.
The orc wizard casts a spell.
The orc wizard flickers and vanishes!
Deactivating autopickup; reactivate with Ctrl-A.
It was a potion of haste.
You feel yourself speed up.
The orc shouts!
An ooze comes into view.
It was a potion of magic.
Magic courses through your body.
The ooze jiggles.
You are too injured to fight recklessly!
The orc priest calls down the wrath of Beogh upon you.
Beogh smites you!
Ouch! That really hurt!
You die...

∆ .(J..............#..≈ ##
##..###.###.....#...≈ #..###.o#
#.# ##.....#..≈
......o###.######....#.. .#
#.....(....# #.....## #########.#
##.....#...# ##......
..........## ##....#...# ###....
...........# #....#...# ##.._.
............###.@..#..... ......
............#...........#. ......
.................#.#..... ##.##.
...<..........)...?#.....# #....
..........................###....
...###+###........##.............
..##.....##........##.. .........
#.#†.#.#..#............ .........
#.).#.#.#.+........... .........


You could see an orc priest and an orc.

Vanquished Creatures
  An adder (D:2)
  2 dart slugs
  2 leopard geckos
  An orc (D:2)
  A goblin (D:1)
  4 hobgoblins (D:1)
  A ball python (D:2)
  10 bats
  2 frilled lizards (D:1)
  9 kobolds
  10 rats
43 creatures vanquished.

Notes
Turn   | Place    | Note
-------+----------+-------------------------------------------
     0 | D:1      | Emblim88 the Gnoll Arcane Marksman began the quest for the
                  | Orb.
     0 | D:1      | Reached XP level 1. HP: 17/17 MP: 4/4
   295 | D:1      | Reached XP level 2. HP: 23/23 MP: 5/5
   662 | D:1      | Reached XP level 3. HP: 28/28 MP: 7/7
  1055 | D:2      | Reached skill level 1 in Invocations
  1231 | D:2      | Found a sacrificial altar of Ru.
  1237 | D:2      | Found a deep blue altar of Sif Muna.
  1351 | D:2      | Reached skill level 1 in Short Blades
  1351 | D:2      | Reached skill level 1 in Long Blades
  1351 | D:2      | Reached skill level 1 in Axes
  1351 | D:2      | Reached skill level 1 in Maces & Flails
  1351 | D:2      | Reached skill level 1 in Polearms
  1351 | D:2      | Reached skill level 1 in Staves
  1351 | D:2      | Reached skill level 1 in Slings
  1351 | D:2      | Reached skill level 1 in Crossbows
  1351 | D:2      | Reached skill level 1 in Throwing
  1351 | D:2      | Reached skill level 1 in Armour
  1351 | D:2      | Reached skill level 1 in Stealth
  1351 | D:2      | Reached skill level 1 in Shields
  1351 | D:2      | Reached skill level 1 in Unarmed Combat
  1351 | D:2      | Reached skill level 1 in Evocations
  1351 | D:2      | HP: 1/28 [orc priest/divine providence (12)]
  1358 | D:2      | Killed from afar by an orc priest

Skill      XL: |  1  2  3 |
---------------+----------+-----
Invocations    | 1 |  1.0
Short Blades   | 1 |  1.0
Long Blades    | 1 |  1.0
Axes           | 1 |  1.0
Maces & Flails | 1 |  1.0
Polearms       | 1 |  1.0
Staves         | 1 |  1.0
Slings         | 1 |  1.0
Crossbows      | 1 |  1.0
Throwing       | 1 |  1.0
Armour         | 1 |  1.0
Stealth        | 1 |  1.0
Shields        | 1 |  1.0
Unarmed Combat | 1 |  1.0
Evocations     | 1 |  1.0
Fighting       | |  2.6
Bows           | |  4.6
Dodging        | |  4.6
Spellcasting   | |  2.9
Conjurations   | |  0.7
Hexes          | |  5.4
Charms         | |  0.7
Summonings     | |  0.7
Necromancy     | |  0.7
Translocations | |  0.7
Transmutations | |  0.7
Fire Magic     | |  0.7
Ice Magic      | |  0.7
Air Magic      | |  0.7
Earth Magic    | |  0.7
Poison Magic   | |  0.7

Action                   || total
-------------------------++-------
Melee: Whip              ||     3
 Fire: Shortbow          ||   110
  Use: Potion            ||     3
Armor: Robe              ||     6
Dodge: Dodged            ||    20
